 Dungeon Crawl Stone Soup version 0.28.0-53-g5a82cb258f (webtiles) character file.

Game seed: 15659604425435352108

1572 Stomo the Skirmisher (level 8, -2/43 HPs)
             Began as a Vine Stalker Fighter on June 21, 2022.
             Was a Follower of Makhleb.
             Engulfed by a steam dragon's steam (5 damage)
             ... on level 6 of the Dungeon.
             The game lasted 00:06:46 (4923 turns).

Stomo the Skirmisher (Vine Stalker Fighter)         Turns: 4923, Time: 00:06:46

Health: -2/43      AC:  9    Str: 26    XL:     8   Next: 90%
Magic:  0/20       EV: 12    Int:  8    God:    Makhleb [*.....]
Gold:   277        SH:  0    Dex: 15    Spells: 7/7 levels left

rFire   . . .      SeeInvis .   y - +2 whip (freeze)
rCold   . . .      Faith    .   (no shield)
rNeg    . . .      Spirit   +   b - +0 scale mail
rPois   .          Reflect  .   (no helmet)
rElec   .          Harm     .   (no cloak)
rCorr   .          Rampage  .   z - +0 pair of gloves
Will    +....                   A - +0 pair of boots
Stlth   ..........              (no amulet)
HPRegen 0.94/turn               m - +6 ring of strength
MPRegen 0.17/turn               n - ring of magical power

@: no status effects
A: fangs 3, regeneration 1, magic shield, antimagic bite, no potion heal 2
a: Renounce Religion


You were on level 6 of the Dungeon.
You worshipped Makhleb.
Makhleb was aware of your devotion.
You visited 1 branch of the dungeon, and saw 6 of its levels.

You collected 277 gold pieces.

Inventory:

Hand Weapons
 a - a +0 flail
 y - a +2 whip of freezing (weapon)
Armour
 b - a +0 scale mail (worn)
 c - a +0 buckler
 z - a +0 pair of gloves (worn)
 A - a +0 pair of boots (worn)
 C - a +2 robe of positive energy
Jewellery
 i - an amulet of faith
 m - a +6 ring of strength (left hand)
 n - a ring of magical power (right hand)
 t - a ring of positive energy
 x - a ring of protection from cold
 D - a ring of protection from fire
 E - an amulet of guardian spirit
Wands
 q - a wand of charming (10)
Scrolls
 e - a scroll of magic mapping
 f - 2 scrolls of fog
 h - 5 scrolls of identify
 k - a scroll of immolation {unknown}
 o - a scroll of teleportation
 B - a scroll of torment {unknown}
 F - a scroll of summoning {unknown}
Potions
 d - 2 potions of might
 g - 2 potions of invisibility {unknown}
 j - 2 potions of mutation {unknown}
 l - a potion of degeneration
 p - a potion of brilliance {unknown}
 r - 2 potions of attraction {unknown}
 s - a potion of haste {unknown}
 u - a potion of curing {unknown}
 v - a potion of flight {unknown}
 w - 2 potions of heal wounds {unknown}


   Skills:
 + Level 5.3 Fighting
 + Level 4.9 Maces & Flails
 + Level 4.8 Armour
 + Level 4.0 Dodging
 - Level 2.6 Shields
 + Level 3.5 Invocations


You had 7 spell levels left.
You didn't know any spells.
Your spell library contained the following spells:

 Spells                   Type           Power      Damage    Failure   Level
 Corpse Rot               Necr/Air       0%         N/A       82%         2
 Dispel Undead            Necr           0%         3d6       100%        4
 Death Channel            Necr           0%         N/A       100%        6


Dungeon Overview and Level Annotations

Branches:
Dungeon (6/15)
 Temple: D:4-7

Altars:
Ashenzari
Makhleb
Sif Muna
Uskayaw

Shops:
D:2 *   D:4 *


Innate Abilities, Weirdness & Mutations

You have razor-sharp teeth.
Your natural rate of healing is unusually fast.
When hurt, damage is shared between your health and your magic reserves.
Your bite disrupts and absorbs the magic of your enemies.
Potions cannot restore your health.


Message History

The black bear is severely wounded.
The black bear barely misses you. x3
You hit the black bear. You freeze the black bear.
The black bear is almost dead.
The black bear bites you.
The black bear claws you but does no damage. x2
You whack the black bear! You freeze the black bear.
You kill the black bear!
Makhleb accepts your kill. The steam dragon breathes steam at you.
The ball of steam hits you!!
* * * LOW HITPOINT WARNING * * *
Your Dodging skill increases to level 4!
You are engulfed in a cloud of scalding steam.
* * * LOW HITPOINT WARNING * * *
The steam dragon bites you but does no damage.
The steam dragon claws you but does no damage.
You hit the steam dragon but do no damage.
You bite the steam dragon. You drain its power.
You feel invigorated.
The steam dragon is heavily wounded.
You are engulfed in a cloud of scalding steam.
* * * LOW HITPOINT WARNING * * *
The steam dragon barely misses you.
The steam dragon claws you but does no damage.
You hit the steam dragon but do no damage.
You bite the steam dragon, but do no damage.
The steam dragon is heavily wounded.
You are engulfed in a cloud of scalding steam.
The steam dragon bites you but does no damage.
The steam dragon claws you but does no damage.
You hit the steam dragon. You freeze the steam dragon.
The steam dragon is almost dead.
The steam dragon breathes steam at you. The ball of steam hits you!
* * * LOW HITPOINT WARNING * * *
Unknown command.
You closely miss the steam dragon. Your bite misses the steam dragon.
The steam dragon is almost dead.
You are engulfed in a cloud of scalding steam.
You die...

############
...........####
##########....#
####§#######
#.§§@D..#
#######....#
###.# .. #####
# ..... ### ..#
# #.#


You could see a steam dragon.

Vanquished Creatures
  Sigmund (D:6)
  An orc warrior (D:6)
  4 black bears
  A necrophage (D:5)
  A phantom (D:3)
  2 bullfrogs (D:6)
  3 scorpions
  3 hounds
  A bullfrog skeleton (D:5)
  3 jellies
  4 iguanas
  A scorpion zombie (D:5)
  An orc wizard (D:5)
  A hound zombie (D:5)
  7 adders
  An ufetubus (D:5)
  An adder skeleton (D:3)
  3 worms
  2 dart slugs
  10 orcs
  7 endoplasms
  2 giant cockroaches
  7 goblins
  9 hobgoblins
  2 jackals (D:1)
  3 ball pythons
  9 bats
  3 frilled lizards
  6 kobolds
  6 rats
105 creatures vanquished.

Notes
Turn   | Place    | Note
-------+----------+-------------------------------------------
     0 | D:1      | Stomo the Vine Stalker Fighter began the quest for the Orb.
     0 | D:1      | Reached XP level 1. HP: 11/11 MP: 2/2
   345 | D:1      | Reached XP level 2. HP: 13/16 MP: 3/3
   990 | D:1      | Found a faded altar of an unknown god.
  1322 | D:1      | Reached skill level 3 in Fighting
  1322 | D:1      | Reached XP level 3. HP: 17/20 MP: 4/4
  1766 | D:2      | Reached skill level 1 in Dodging
  1879 | D:2      | Found Azotap's Assorted Antiques.
  2629 | D:3      | Gained mutation: Your natural rate of healing is unusually
                  | fast. [Vine Stalker growth]
  2629 | D:3      | Reached XP level 4. HP: 24/24 MP: 5/5
  2735 | D:3      | Found a hide-covered altar of Uskayaw.
  2942 | D:4      | Reached XP level 5. HP: 22/28 MP: 6/6
  2959 | D:4      | Noticed a phantom
  3001 | D:3      | Killed a phantom
  3082 | D:4      | Noticed a black bear
  3100 | D:4      | Killed a black bear
  3101 | D:4      | Reached XP level 6. HP: 20/33 MP: 7/7
  3146 | D:4      | Found Horruony's Lightly-Used Armoury.
  3153 | D:4      | Reached skill level 4 in Fighting
  3369 | D:4      | Found a burning altar of Makhleb.
  3385 | D:4      | Became a worshipper of Makhleb the Destroyer
  3576 | D:5      | Entered Level 5 of the Dungeon
  3613 | D:5      | Noticed a necrophage
  3622 | D:5      | Killed a necrophage
  3623 | D:5      | Reached XP level 7. HP: 23/37 MP: 8/8
  3758 | D:5      | Reached skill level 1 in Invocations
  4370 | D:5      | Gained mutation: You have razor-sharp teeth. [Vine Stalker
                  | growth]
  4370 | D:5      | Reached XP level 8. HP: 42/42 MP: 10/10
  4577 | D:6      | Found a shimmering blue altar of Sif Muna.
  4582 | D:6      | Noticed Sigmund
  4593 | D:6      | Killed Sigmund
  4628 | D:6      | Reached * piety under Makhleb
  4654 | D:6      | Reached skill level 5 in Fighting
  4833 | D:6      | Found a broken altar of Ashenzari.
  4923 | D:6      | Engulfed by a steam dragon's steam

Illustrated notes

Levels and vault maps discovered:
D:1:      elethiomel_arrival_quiet, layout_loops_ring,
          shapermc_ecumenical_altar_mp_highgroup
D:2:      layout_loops_ring, serial_shops, nicolae_shop_crystal
D:3:      layout_basic, mainiacjoe_overflow_alcove_2, minmay_box_of_dots
D:4:      layout_rooms, mainiacjoe_overflow_cross_hatched, minmay_shop_damaged,
          roderic_batcave
D:5:      layout_gridville, st_stairs_7, minmay_increasing_density
D:6:      layout_rooms, cheibrodos_ashenzari_chains, overflow_temple_1_default,
          minmay_tree_intersection, kennysheep_generic_room_11, uniq_sigmund

Skill      XL: |  1  2  3  4  5  6  7  8 |
---------------+-------------------------+-----
Maces & Flails | 2 3 4 |  4.9
Fighting       | 3 4 5 |  5.3
Dodging        | 1 2 3 4 |  4.0
Armour         | 3 4 |  4.8
Invocations    | 2 3 |  3.5
Shields        | |  2.6

Action                   |  1- 3 |  4- 6 |  7- 9 || total
-------------------------+-------+-------+-------++-------
Melee: Flail             |   118 |   108 |    15 ||   241
       Bite              |    24 |    23 |    45 ||    92
       Punch             |     2 |       |     2 ||     4
       Whip              |       |       |   125 ||   125
  Use: Scroll            |       |       |     8 ||     8
Armor: Scale mail        |    59 |    48 |    67 ||   174
Dodge: Dodged            |    65 |    76 |    68 ||   209
